AoeStats
← Panchito_Monroy

Arabia

507492233Analyzed
1v1 RM · 12d ago on Sep 18, 2026· 20m 21s· 2 players
Game mode
Random Map
Map size
Tiny (2 player)
Population
200
Speed
Normal
Resources
Standard
Victory
Conquest
Starting age
Dark Age
Ending age
Imperial Age
RankedLock teamsTeams togetherTeam positionsShared explorationLock speedFull tech treeHidden civsTurbo modeCheats
Victory
Defeat
🇦🇷 Britons · Argentina
912
+14
🇺🇸 Celts · United States
869
-14
jrossiq
5:34 Loom
9:36 Feudal Age
10:12 Double-Bit Axe
15:00 Fletching
15:07 Town Watch
17:57 Padded Archer Armor
Panchito_Monroy
10:31 Feudal Age
11:46 Man-at-Arms
13:00 Arson
14:56 Horse Collar
15:06 Double-Bit Axe
Connection lost

Rejoining the realm…

Still unreachable

The connection could not be restored.

Session expired

The server has moved on; the page needs a fresh start.